Map: Lightshade LE

Players

uThermal - Winner!

  • Race: Terran Terran

Vanya

  • Race: Zerg Zerg

Event: DreamHack SC2 Masters 2021 Fall

VOD

Have the link to the VOD?

Description

Time

  • Played on: Aug. 1, 2021, 11:55 a.m.
  • Length: 20:25

All games in this series

Show
View Real Time Build Order
Export as new Build Order

uThermal Terran - Winner!

Build Orders: Reaper Expand 

Get SALT Encoding   

  12  0:00  SCV  
  13  0:12  SCV  
  14  0:17  Supply Depot  
  14  0:24  SCV  
  15  0:38  SCV  
  15  0:39  Barracks  
  16  0:43  Refinery  
  16  0:50  SCV  
  17  1:02  SCV  
  18  1:15  SCV  
  19  1:26  Reaper  
  19  1:27  Orbital Command  
  20  1:39  Command Center  
  20  1:48  Supply Depot  
  20  1:52  SCV  
  21  1:58  Marine  
  22  2:05  SCV  
  23  2:12  Factory  
  23  2:17  SCV  
  23  2:19  Barracks Reactor  
  24  2:29  SCV  
  25  2:39  Command Center  
  25  2:43  SCV  
  26  2:50  Orbital Command  
  26  2:55  SCV  
  27  3:00  Starport  
  27  3:05  Refinery  
  27  3:07  SCV  
  28  3:15  SCV  
  28  3:17  Hellion x2  
  34  3:20  SCV  
  34  3:28  SCV  
  34  3:29  Barracks Tech Lab  
  34  3:32  SCV  
  36  3:35  Viking  
  36  3:40  SCV, Hellion x2  
  43  3:44  SCV  
  44  3:51  Orbital Command  
  44  3:52  SCV  
  45  3:55  Marine  
  45  3:56  SCV  
  45  3:57  Stimpack  
  47  4:03  Hellion  
  47  4:04  Hellion  
  47  4:06  SCV  
  47  4:08  SCV  
  53  4:11  Starport Reactor  
  53  4:13  Marine  
  53  4:15  Supply Depot  
  54  4:18  SCV x2  
  54  4:20  SCV  
  57  4:30  SCV x2  
  59  4:31  Marine  
  59  4:32  SCV  
  59  4:38  Barracks, Factory Reactor  
  60  4:40  Barracks  
  60  4:42  SCV x2  
  60  4:44  SCV  
  60  4:45  Supply Depot  
  63  4:49  Marine  
  63  4:52  Engineering Bay  
  64  4:53  Engineering Bay  
  64  4:55  Starport Reactor  
  64  4:57  SCV  
  64  4:58  Refinery  
  65  5:00  SCV  
  65  5:03  Orbital Command  
  65  5:05  Barracks  
  65  5:06  Barracks  
  66  5:07  Marine  
  66  5:09  Supply Depot, SCV  
  66  5:13  Refinery  
  66  5:14  SCV  
  69  5:19  Terran Infantry Armor Level 1, Terran Infantry Weapons Level 1  
  69  5:21  SCV  
  69  5:25  Marine  
  69  5:26  SCV  
  69  5:27  Marine, Widow Mine x2  
  77  5:30  Marine, SCV  
  77  5:31  Marine  
  77  5:33  SCV  
  77  5:34  Medivac  
  83  5:36  Marine  
  83  5:38  SCV  
  83  5:40  Supply Depot  
  85  5:49  Supply Depot  
  85  5:52  Marine x2, SCV x2, Widow Mine x2  
  85  5:54  Barracks Reactor  
  85  5:55  Barracks Reactor  
  93  6:01  Marine x2, SCV, Medivac  
  93  6:04  Marine, SCV  
  98  6:06  Supply Depot  
  98  6:10  Marine, SCV, Medivac  
  104  6:11  Marine  
  104  6:13  SCV  
  104  6:14  Widow Mine  
  108  6:18  Supply Depot  
  108  6:22  SCV  
  108  6:23  Bunker  
  109  6:27  Marine x2  
  109  6:28  Widow Mine  
  109  6:29  Marine, SCV  
  109  6:30  Combat Shield  
  109  6:31  Marine  
  109  6:32  Marine  
  117  6:40  Marine x3, Widow Mine  
  117  6:42  Supply Depot  
  117  6:46  Armory, Factory  
  122  6:48  SCV  
  122  6:50  Marine x2  
  125  6:57  Supply Depot  
  125  7:04  Marine, SCV, Medivac  
  125  7:05  Marine x2, Supply Depot  
  125  7:08  Marine  
  132  7:09  Supply Depot  
  132  7:11  Marine  
  132  7:18  SCV  
  132  7:22  Bunker  
  133  7:23  Supply Depot  
  133  7:26  Marine x3  
  133  7:27  Widow Mine x2  
  140  7:31  Medivac  
  140  7:33  Marine  
  143  7:38  Marine  
  143  7:39  Terran Infantry Armor Level 2, Terran Infantry Weapons Level 2  
  142  7:44  Marine  
  142  7:45  Marine x5  
  142  7:51  Marine x2  
  148  7:55  Widow Mine x2  
  148  7:56  Factory Tech Lab  
  148  7:58  Supply Depot  
  152  8:00  SCV  
  152  8:01  Marine  
  152  8:02  Marine  
  152  8:04  Medivac x2  
  152  8:05  Hellion  
  155  8:06  Supply Depot  
  155  8:07  Supply Depot  
  155  8:14  Supply Depot x2, Terran Vehicle And Ship Armor Level 1  
  155  8:15  Drilling Claws  
  155  8:16  Widow Mine  
  155  8:19  Marine x3  
  162  8:20  Marine, Widow Mine  
  162  8:23  Supply Depot  
  162  8:25  Marine  
  164  8:30  Marine  
  165  8:37  Marine  
  165  8:40  Marine x3, Medivac  
  155  8:46  Marine x3  
  155  8:47  Marine, Widow Mine  
  155  8:48  Marine  
  146  8:52  Command Center  
  146  8:54  Marine  
  148  8:56  Refinery  
  148  8:58  Marine x2, Sensor Tower  
  148  9:02  Marine, Medivac  
  153  9:06  Marine  
  153  9:08  Widow Mine x2  
  153  9:09  Marine x2  
  158  9:10  Medivac  
  158  9:11  Marine  
  163  9:23  Marine  
  163  9:24  Marine  
  165  9:27  Marine  
  165  9:28  Barracks  
  165  9:29  Barracks  
  165  9:30  Barracks  
  165  9:31  Widow Mine  
  166  9:37  Marine x4  
  162  9:39  Widow Mine  
  162  9:44  Siege Tank  
  169  9:45  Factory  
  167  9:54  Marine x3  
  170  10:00  Marine  
  170  10:01  Marine  
  170  10:03  Terran Infantry Weapons Level 3  
  170  10:09  Command Center  
  170  10:10  Command Center  
  170  10:15  Widow Mine x2  
  170  10:16  Barracks Tech Lab x2, Siege Tank  
  170  10:17  Barracks Tech Lab  
  173  10:33  Factory Tech Lab  
  173  10:41  Widow Mine x2  
  177  10:43  Marauder x2  
  177  10:44  Marauder  
  177  10:48  Siege Tank  
  183  10:55  Marine x2, Siege Tank  
  183  10:56  Marauder  
  187  10:57  Marine, Medivac  
  187  11:02  Marine  
  173  11:05  Planetary Fortress, Marauder x2  
  173  11:09  Marine  
  173  11:10  Marauder  
  170  11:14  Marine  
  170  11:15  Marine  
  170  11:17  Marauder  
  168  11:20  Refinery, Siege Tank  
  168  11:21  Marine x2, Refinery  
  169  11:26  Marauder  
  171  11:33  Marine  
  171  11:35  Siege Tank  
  171  11:36  Widow Mine  
  171  11:37  Orbital Command  
  171  11:38  Marine  
  171  11:39  Command Center  
  175  11:40  Medivac  
  175  11:41  Marine  
  175  11:42  Marine  
  179  11:47  Missile Turret  
  179  11:50  Marine  
  179  11:51  Marine  
  179  11:52  Marine, Marauder  
  173  12:02  Marine x2  
  173  12:03  Marauder x2  
  142  12:17  Marine x2, Marauder  
  142  12:18  Marine, Siege Tank x2  
  142  12:19  Marine x2, Marauder  
  125  12:24  Marine, Marauder  
  125  12:27  SCV  
  125  12:29  Marine  
  127  12:33  SCV  
  125  12:37  Marine  
  125  12:43  Marine  
  124  12:47  Marine  
  125  12:56  SCV  
  126  12:59  Marine  
  126  13:04  Marine  
  128  13:06  SCV  
  128  13:10  Marine  
  128  13:12  Marine x2  
  124  13:14  Marine  
  124  13:18  SCV  
  127  13:23  Marine, SCV, Missile Turret  
  128  13:28  SCV  
  128  13:31  Planetary Fortress, Missile Turret  
  129  13:34  Marine, SCV  
  129  13:35  SCV  
  129  13:40  SCV  
  133  13:43  Orbital Command  
  133  13:44  Marine  
  133  13:45  Marauder  
  133  13:46  Marine, SCV, Marauder  
  140  13:49  Siege Tank  
  140  13:52  Siege Tank  
  140  13:54  Medivac  
  148  13:55  Medivac  
  148  13:58  SCV  
  149  14:04  Marauder x2  
  149  14:06  SCV, Marauder  
  156  14:11  Terran Infantry Armor Level 3  
  156  14:12  Marine x2  
  158  14:18  Neosteel Armor  
  158  14:19  Marine, Supply Depot  
  158  14:20  Marine  
  158  14:22  SCV x2  
  158  14:23  Marine  
  161  14:27  Medivac  
  161  14:28  Marine  
  164  14:32  Siege Tank  
  164  14:37  Siege Tank  
  170  14:38  Marine x2  
  170  14:39  Marine  
  170  14:40  Marine  
  170  14:43  Marine  
  174  14:51  Marine x2, Marauder  
  174  14:52  Marauder  
  178  14:56  Marine  
  179  15:02  Sensor Tower  
  179  15:03  SCV  
  179  15:04  Sensor Tower, Siege Tank  
  179  15:06  Marine x2  
  183  15:09  Widow Mine  
  183  15:10  Widow Mine  
  183  15:12  Widow Mine  
  189  15:18  Medivac x2  
  189  15:19  Marine  
  192  15:31  Widow Mine  
  192  15:32  Command Center  
  192  15:34  Marauder  
  196  15:40  Siege Tank  
  199  15:50  Marine, Terran Vehicle Weapons Level 1  
  197  16:13  Siege Tank  
  200  16:25  Marine  
  194  16:26  Marauder  
  194  16:27  Missile Turret  
  197  16:34  Marine  
  197  16:35  Marauder  
  197  16:39  Command Center  
  200  16:40  Command Center  
  200  16:43  Concussive Shells  
  200  16:55  Marine  
  200  16:56  Marauder  
  195  17:04  Marine  
  195  17:05  Marauder  
  195  17:06  Command Center  
  194  17:10  Marine  
  194  17:11  Marauder  
  196  17:29  Medivac  
  182  17:36  Siege Tank  
  175  17:42  Marine x2, Siege Tank, Marauder  
  175  17:43  Marauder  
  150  17:44  Medivac  
  171  17:46  Widow Mine x2  
  171  17:50  Marine  
  171  17:51  Marine, Marauder x2  
  180  18:00  Marine, Medivac  
  180  18:04  Marauder  
  182  18:07  Marine  
  182  18:08  Siege Tank, Marauder  
  186  18:14  Marine, Marauder  
  186  18:15  Siege Tank  
  191  18:26  Marine  
  193  18:27  Marauder  
  193  18:33  Marine  
  194  18:35  Medivac  
  194  18:38  Marine  
  194  18:40  Siege Tank  
  200  18:51  Orbital Command  
  198  18:56  Widow Mine  
  200  19:04  Planetary Fortress  
  200  19:13  Sensor Tower  
  200  19:15  Planetary Fortress  
  199  19:20  Marine  
  200  19:43  Ghost Academy  
  200  19:52  Medivac, Missile Turret  
  189  19:57  Widow Mine x2  
  189  19:59  Marine  
  195  20:00  Marauder  
  195  20:01  Marine, Marauder  
Show
View Real Time Build Order
Export as new Build Order

Vanya Zerg 

Build Orders: Hatch First, Lurkers 

Get SALT Encoding   

  12  0:00  Drone  
  13  0:12  Overlord  
  13  0:16  Drone  
  14  0:30  Drone  
  14  0:31  Drone  
  16  0:47  Hatchery  
  15  0:51  Drone  
  15  0:54  Drone  
  17  0:57  Drone  
  18  1:08  Extractor  
  17  1:12  Spawning Pool  
  17  1:16  Drone  
  17  1:18  Drone  
  18  1:28  Drone  
  19  1:39  Drone  
  20  1:49  Drone  
  21  1:59  Queen x2  
  21  2:00  Zergling x4  
  27  2:12  Zergling x2  
  27  2:13  Overlord  
  28  2:22  Hatchery  
  27  2:26  Drone  
  28  2:31  Metabolic Boost  
  28  2:33  Drone  
  29  2:38  Drone  
  29  2:41  Drone  
  31  2:46  Queen  
  33  2:51  Overlord  
  33  2:54  Drone  
  33  2:57  Drone  
  35  2:59  Drone  
  36  3:10  Drone  
  36  3:11  Drone x3  
  36  3:12  Drone  
  41  3:15  Drone  
  41  3:18  Queen  
  44  3:31  Overlord  
  44  3:32  Extractor, Queen  
  44  3:33  Extractor  
  46  3:35  Queen  
  46  3:40  Drone x2  
  50  3:47  Overlord  
  50  3:51  Zergling x4  
  50  3:52  Drone x3  
  55  3:59  Overlord  
  55  4:01  Drone x3  
  58  4:06  Drone x4  
  62  4:11  Overlord  
  62  4:15  Queen  
  64  4:17  Drone  
  64  4:23  Overlord  
  65  4:24  Drone x3  
  65  4:30  Lair  
  68  4:34  Baneling Nest  
  68  4:36  Extractor  
  68  4:37  Extractor  
  65  4:38  Drone x3  
  65  4:39  Drone x2  
  65  4:40  Drone  
  71  4:48  Overlord  
  71  4:49  Drone x5  
  76  4:56  Drone x3  
  76  4:57  Spore Crawler  
  76  4:58  Spore Crawler  
  76  4:59  Spore Crawler  
  76  5:00  Drone x2  
  76  5:02  Zergling x4  
  80  5:13  Overlord  
  80  5:15  Drone x2  
  80  5:18  Baneling x2, Hatchery  
  81  5:23  Evolution Chamber  
  81  5:25  Evolution Chamber  
  79  5:28  Drone  
  79  5:29  Extractor, Drone x5  
  79  5:30  Extractor  
  79  5:34  Zergling x6  
  86  5:37  Centrifical Hooks  
  86  5:39  Drone  
  87  5:43  Overlord  
  87  5:44  Zergling x10  
  92  5:54  Zerg Melee Weapons Level 1, Zerg Ground Armor Level 1  
  92  5:58  Drone  
  92  6:03  Drone x4  
  97  6:05  Baneling x4, Hatchery  
  97  6:06  Drone  
  97  6:09  Drone x2  
  98  6:12  Overlord  
  98  6:20  Zergling x10  
  98  6:23  Overlord  
  103  6:28  Zergling x6  
  103  6:30  Overlord x3  
  106  6:33  Zergling x6  
  108  6:42  Zergling x8  
  108  6:43  Baneling  
  108  6:44  Baneling x11  
  112  6:50  Drone x5  
  117  6:55  Infestation Pit  
  117  6:57  Extractor  
  117  6:58  Hydralisk Den  
  117  7:00  Drone x5  
  119  7:06  Baneling x8  
  119  7:07  Overseer  
  119  7:11  Zergling x2  
  119  7:12  Zergling x14  
  124  7:20  Drone x4  
  124  7:21  Extractor  
  124  7:22  Extractor  
  126  7:26  Zergling x16  
  132  7:33  Drone x3  
  132  7:35  Hive  
  127  7:38  Lurker Den, Zergling x2  
  127  7:39  Zergling x4  
  127  7:40  Baneling x9  
  124  7:46  Zergling x14  
  124  7:50  Zerg Melee Weapons Level 2  
  131  7:52  Zerg Ground Armor Level 2  
  131  7:56  Zergling x2  
  131  7:57  Zergling x10  
  136  8:04  Zergling x10  
  137  8:08  Muscular Augments  
  137  8:09  Drone  
  137  8:10  Drone x3  
  141  8:16  Zergling x8  
  145  8:21  Overlord  
  145  8:26  Overlord  
  144  8:27  Drone x2  
  144  8:29  Zergling x14  
  144  8:32  Baneling x4  
  146  8:38  Zergling x16  
  146  8:40  Baneling x12  
  136  8:45  Zergling x10  
  118  8:56  Zergling x20  
  118  9:02  Seismic Spines, Hydralisk  
  126  9:05  Drone  
  129  9:10  Hydralisk x2  
  129  9:11  Hydralisk  
  129  9:15  Hydralisk x3  
  129  9:17  Hydralisk  
  141  9:23  Hydralisk x3  
  140  9:25  Zergling x2  
  140  9:26  Zergling x8  
  138  9:34  Zergling x18  
  138  9:37  Lurker x3  
  138  9:38  Lurker  
  149  9:43  Zergling x12  
  153  9:45  Lurker  
  153  9:47  Lurker x3  
  151  9:55  Lurker x3  
  151  9:59  Adaptive Talons  
  153  10:02  Hydralisk  
  153  10:03  Hydralisk  
  153  10:06  Overlord x2  
  157  10:10  Zerg Ground Armor Level 3, Zerg Missile Weapons Level 1  
  157  10:13  Drone  
  156  10:22  Drone  
  157  10:28  Hydralisk x7  
  157  10:31  Hatchery  
  157  10:32  Grooved Spines  
  170  10:36  Zergling x6  
  172  10:49  Overlord  
  156  10:51  Lurker  
  156  10:52  Hydralisk x9  
  155  11:05  Hydralisk x4  
  155  11:09  Drone x11  
  158  11:12  Drone x2  
  159  11:21  Hydralisk x3  
  150  11:27  Hydralisk  
  150  11:28  Hydralisk  
  150  11:29  Overseer  
  150  11:32  Drone x3  
  149  11:40  Spawning Pool  
  149  11:42  Drone x8  
  149  11:46  Lurker  
  154  12:01  Hydralisk x4  
  142  12:04  Drone x3  
  114  12:15  Hydralisk  
  114  12:16  Hydralisk x2  
  99  12:24  Hydralisk x2  
  85  12:30  Zergling x20  
  85  12:34  Queen x2  
  93  12:41  Zergling x6  
  81  12:52  Lurker x2  
  81  12:54  Drone x2  
  81  12:55  Drone  
  86  13:03  Drone  
  87  13:06  Hatchery  
  87  13:12  Zergling x2, Lurker x2  
  86  13:13  Zergling x8  
  86  13:19  Drone x3  
  92  13:28  Drone x6  
  92  13:30  Extractor  
  97  13:36  Overseer  
  97  13:39  Viper  
  100  13:43  Drone x5  
  100  13:46  Drone  
  100  13:48  Drone  
  96  13:50  Drone  
  96  13:54  Drone  
  99  13:55  Drone  
  99  13:57  Drone  
  99  14:00  Drone  
  99  14:02  Drone  
  102  14:10  Viper  
  102  14:13  Drone x4  
  102  14:16  Drone  
  109  14:26  Overseer  
  109  14:28  Lurker x3  
  109  14:29  Zergling x6  
  115  14:37  Drone  
  115  14:38  Drone x2  
  118  14:39  Extractor  
  118  14:41  Hydralisk  
  118  14:42  Hydralisk  
  117  14:49  Hydralisk x3  
  122  14:59  Hydralisk x4  
  130  15:15  Hydralisk x4  
  130  15:20  Hatchery  
  135  15:25  Zergling x16  
  143  15:33  Drone x6  
  149  15:37  Overlord  
  149  15:42  Overlord  
  149  15:43  Drone  
  149  15:57  Drone, Hydralisk x3  
  149  16:02  Drone x2  
  155  16:10  Hydralisk  
  155  16:11  Hydralisk x4  
  160  16:20  Overlord  
  160  16:22  Overlord  
  160  16:23  Overlord x3  
  160  16:25  Overseer  
  157  16:26  Overlord  
  154  16:33  Overlord  
  154  16:35  Overlord  
  154  16:45  Zergling x22  
  164  16:59  Zergling x12  
  164  17:00  Zergling x12  
  176  17:08  Zergling x14  
  183  17:15  Queen  
  185  17:22  Overlord  
  178  17:23  Zergling x16  
  166  17:30  Hydralisk x5  
  162  17:39  Zergling x12  
  153  17:46  Lurker x5  
  153  17:50  Hydralisk x3  
  148  17:57  Zergling x2  
  148  17:58  Zergling x6  
  145  18:05  Lurker  
  139  18:08  Zergling x8  
  130  18:18  Overseer x2, Hydralisk x3  
  130  18:19  Spawning Pool  
  121  18:20  Viper  
  121  18:21  Viper  
  121  18:26  Hydralisk x2  
  105  18:38  Hydralisk x4  
  113  18:44  Lurker x4  
  115  18:51  Drone x7  
  115  18:54  Spawning Pool  
  112  19:04  Drone x2  
  112  19:05  Drone x2  
  112  19:06  Drone  
  112  19:07  Extractor  
  112  19:08  Extractor, Zergling x4  
  114  19:12  Extractor  
  114  19:14  Extractor  
  112  19:18  Zergling x12  
  118  19:26  Zergling x6  
  121  19:33  Overlord x3  
  121  19:40  Overlord  
  121  19:45  Overlord  
  118  19:53  Zergling x16  
  126  20:04  Zergling x10  

Tags
 
Add a new tag
Caveats
  • Supply blocks, unpowered buildings, or Contaminate may cause inaccurate times.
  • Supply counts are checked every 10 seconds.